 Dungeon Sprint DCSS version 0.27.1-33-g824d729ab1 (webtiles) character file.

Game seed: 14616243188539251962

14440 manyhoops the Ninja (level 11, -7/47 HPs)
             Began as a Spriggan Enchanter on Dec 3, 2021.
             Was the Champion of Dithmenos.
             Engulfed by a cloud of freezing vapour (26 damage)
             ... in the Dungeon (Sprint I: "Red Sonja").
             The game lasted 00:12:37 (2867 turns).

manyhoops the Ninja (Spriggan Enchanter)            Turns: 2867, Time: 00:12:37

Health: -7/47      AC:  3    Str:  2    XL:     11   Next: 88%
Magic:  16/16      EV: 30    Int: 23    God:    Dithmenos [******]
Gold:   464        SH:  0    Dex: 25    Spells: 4/15 levels left

rFire    . . .     SeeInvis +   j - +5 dagger (distort)
rCold    . . .     Faith    .   (shield restricted)
rNeg     . . .     Spirit   .   m - +2 robe
rPois    .         Reflect  .   (helmet restricted)
rElec    .         Harm     .   (no cloak)
rCorr    .         Rampage  .   (gloves unavailable)
Will     +....     NoTele   +   (boots unavailable) Stlth *********+
                                (no amulet)
HPRegen  0.15/turn              n - +6 ring of dexterity
MPRegen  0.15/turn              o - +6 ring of intelligence

@: wreathed by umbra, very quick
A: very small, no large weapons, unfitting armour, see invisible, speed 3, horns
1, deformed body, weak 1
a: Renounce Religion, Shadow Step, Shadow Form


You were in the Dungeon.
You worshipped Dithmenos.
Dithmenos was exalted by your worship.
You visited 1 branch You collected 2120 gold pieces.
You spent 1656 gold pieces at shops.

Inventory:

Hand Weapons
 a - a +1 dagger
 j - a +5 dagger of distortion (weapon)
Armour
 b - a +0 robe
 m - a +2 robe (worn)
 p - a +1 robe of cold resistance
Jewellery
 n - a +6 ring of dexterity (left hand)
 o - a +6 ring of intelligence (right hand)
 s - an amulet of faith
Scrolls
 h - 3 scrolls of blinking
 i - 3 scrolls of magic mapping
 k - a scroll of immolation
 l - a scroll of fear
 q - a scroll of fog
Potions
 c - 3 potions of curing
 d - 2 potions of heal wounds
 e - a potion of haste
 f - 2 potions of magic
 g - a potion of attraction
 r - a potion of lignification
 t - a potion of resistance
 u - 2 potions of might
 v - a potion of ambrosia
 w - a potion of invisibility


   Skills:
 - Level 20.3 Short Blades
 + Level 11.7 Dodging
 O Level 27 Stealth
 - Level 2.6 Spellcasting
 - Level 6.9 Hexes


You had 4 spell levels left.
You knew the following spells:

 Your Spells              Type           Power      Damage    Failure   Level
a - Corona                Hex            38%        N/A       1%          1
b - Ensorcelled Hibernat  Hex/Ice        38%        N/A       4%          2
c - Dazzling Flash        Conj/Hex       38%        N/A       9%          3
d - Blink                 Tloc           N/A        N/A       19%         2
e - Confusing Touch       Hex            35%        N/A       1%          3

Your spell library contained the following spells:

 Spells                   Type           Power      Damage    Failure   Level
 Tukima's Dance           Hex            35%        N/A       1%          3
 Animate Skeleton         Necr           6%         N/A       12%         1
 Pain                     Necr           12%        1d4       12%         1
 Lesser Beckoning         Tloc           1%         N/A       34%         3
 Vampiric Draining        Necr           1%         2d6       34%         3
 Manifold Assault         Tloc           3%         N/A       97%         5


Dungeon Overview and Level Annotations

Branches:
Dungeon (1/1)

Altars:
Cheibriados
Dithmenos
Elyvilon
Fedhas
Gozag
Hepliaklqana
Kikubaaqudgha
Makhleb
Nemelex Xobeh
Okawaru
Qazlal
Ru
Sif Muna
Trog
Uskayaw
Vehumet
Wu Jian
Xom
Yredelemnul
Zin
The Shining One
Jiyva
Lugonu

Shops:
D =**=*((([(?:!?[**!:[:


Innate Abilities, Weirdness & Mutations

You are very small and have problems with some larger weapons.
You are too small for most types of armour.
You have supernaturally acute eyesight. (SInv)
You cover ground extremely quickly. (Speed+++)
You have a pair of small horns on your head.
Armour fits poorly on your strangely shaped body.
You are weak. (Str -2)


Message History

Found 15 gold pieces.
There is an open door here.
You now have 410 gold pieces (gained 15).
There is an open door here.
Really walk into a travel-excluded area? [Y]es or [N]o only, please.
Really walk into a travel-excluded area?
Okay, then.
You start resting.
Magic restored.
You start resting.
HP restored.
There is an open door here.
Really walk into a travel-excluded area?
You see here 27 gold pieces.
You now have 437 gold pieces (gained 27).
You see here 27 gold pieces.
You now have 464 gold pieces (gained 27).
The meliai invokes the aid of its god against you.
Something smites you!
You emit a cloud of dark smoke.
The meliai mumbles some strange prayers to its god against you.
Something smites you!
You emit a cloud of dark smoke.
You open the large door.
The meliai calls down the wrath of its god upon you.
Something smites you!
Found 231 gold pieces.
Really walk into a travel-excluded area?
Okay, then.
Found 81 gold pieces.
There is a large open door here.
Really walk into that cloud of freezing vapour?
Okay, then.
Found 243 gold pieces.
There is a large open door here.
Found 54 gold pieces.
You close the large door.
You start resting.
You are engulfed in freezing vapours.
Ouch! That really hurt!
You die...

^.'..#...##'#§####÷§§§§##§.'^^#§§
__####)..'.§#.#.###§..#######+#§§
###§§#####§.'§#'#.###+# ..#$§
§§§§§#.§##'####^.§#y#.# #..##§
§≈§§§'..#.○^^°#.§§###.. #..≈##
≈§§§)#..#○○.^○+§§§§§##. #..≈
#§#####'###..○#§§§§§# .# #.m≈
...)###...#..°###++## ## #..≈#
#'###.###.#..###@.##
§§..'.∩##.#^.# ##☼$#
#########.##+# #○$# .......##.#


$$$$$ ........§§# $$$$$$ '''######§# $$$$$### ....§§§§#§# $$$### ...§.§.#§§# ##
...§§§§#### There were no monsters in sight!

Vanquished Creatures
  A lorocyproca (D)
  A hydra (D)
  2 centaur warriors (D)
  Sonja (D)
  A deep troll (D)
  A lindwurm (D)
  7 shining eyes (D)
  An oklob plant (D)
  A gargoyle (D)
  2 unseen horrors (D)
  2 kobold demonologists (D)
  4 demonic crawlers (D)
  A hornet (D)
  A slime creature (D)
  2 redbacks (D)
  Sigmund (D)
  13 hogs (D)
  A yak (D)
  7 floating eyes (D)
  7 necrophages (D)
  An ogre (D)
  8 jellies (D)
  Ijyb (D)
  A ballistomycete spore (D)
68 creatures vanquished.

Vanquished Creatures (others)
  A gargoyle (D)
  A ballistomycete spore (D)
2 creatures vanquished.

Grand Total: 70 creatures vanquished

Notes
Turn   | Place    | Note
-------+----------+-------------------------------------------
     0 | D        | manyhoops the Spriggan Enchanter began the quest for the
                  | Orb.
     0 | D        | Reached XP level 1. HP: 9/9 MP: 5/5
     1 | D        | Noticed Ijyb
     8 | D        | Killed Ijyb
     9 | D        | Reached skill level 10 in Stealth
     9 | D        | Reached XP level 2. HP: 10/13 MP: 6/6
   139 | D        | Learned a level 2 spell: Ensorcelled Hibernation
   140 | D        | Noticed an ogre
   143 | D        | Killed an ogre
   144 | D        | Reached skill level 14 in Stealth
   144 | D        | Reached XP level 3. HP: 16/16 MP: 5/8
   144 | D        | Reached XP level 4. HP: 21/21 MP: 5/9
   182 | D        | Noticed Sigmund
   185 | D        | Killed Sigmund
   186 | D        | Reached skill level 17 in Stealth
   186 | D        | Reached XP level 5. HP: 24/24 MP: 10/10
   198 | D        | Found an ornate altar of the Wu Jian Council.
   198 | D        | Found a shimmering blue altar of Sif Muna.
   200 | D        | Found a radiant altar of Vehumet.
   209 | D        | Reached skill level 18 in Stealth
   209 | D        | Reached XP level 6. HP: 22/28 MP: 4/11
   483 | D        | Killed a gargoyle
   584 | D        | Found Joshro Cufe's Jewellery Emporium.
   584 | D        | Found an ancient bone altar of Kikubaaqudgha.
   584 | D        | Found a hazy altar of Hepliaklqana.
   584 | D        | Found a stormy altar of Qazlal.
   584 | D        | Found a hide-covered altar of Uskayaw.
   584 | D        | Found a blossoming altar of Fedhas.
   584 | D        | Found a bloodstained altar of Trog.
   584 | D        | Found an iron altar of Okawaru.
   584 | D        | Found a basalt altar of Yredelemnul.
   584 | D        | Found a glowing golden altar of the Shining One.
   584 | D        | Found a snail-covered altar of Cheibriados.
   584 | D        | Found a sacrificial altar of Ru.
   584 | D        | Found a glowing silver altar of Zin.
   584 | D        | Found a shadowy altar of Dithmenos.
   584 | D        | Found a white marble altar of Elyvilon.
   584 | D        | Noticed a yak
   585 | D        | Found an opulent altar of Gozag.
   586 | D        | Killed a yak
   587 | D        | Reached skill level 20 in Stealth
   587 | D        | Found a sparkling altar of Nemelex Xobeh.
   601 | D        | Became a worshipper of Dithmenos the Shadowed
   621 | D        | Found a viscous altar of Jiyva.
   621 | D        | Found a corrupted altar of Lugonu.
   621 | D        | Noticed a slime creature
   622 | D        | Found a burning altar of Makhleb.
   622 | D        | Found a shimmering altar of Xom.
   829 | D        | Killed a slime creature
   830 | D        | Reached skill level 21 in Stealth
   830 | D        | Reached XP level 7. HP: 14/32 MP: 8/12
  1011 | D        | Noticed Sonja
  1015 | D        | Killed Sonja
  1016 | D        | Reached skill level 24 in Stealth
  1016 | D        | Reached XP level 8. HP: 36/36 MP: 13/13
  1032 | D        | Found Loeloinu's Jewellery Boutique.
  1052 | D        | Noticed a deep troll
  1056 | D        | Killed a deep troll
  1056 | D        | Reached * piety under Dithmenos
  1057 | D        | Reached skill level 25 in Stealth
  1083 | D        | Found Fuedibb's Armour Emporium.
  1097 | D        | Noticed a centaur warrior
  1097 | D        | Noticed a centaur warrior
  1100 | D        | Killed a centaur warrior
  1101 | D        | Reached skill level 27 in Stealth
  1101 | D        | Reached XP level 9. HP: 39/39 MP: 14/14
  1102 | D        | Killed a centaur warrior
  1112 | D        | Learned a level 3 spell: Dazzling Flash
  1115 | D        | Learned a level 2 spell: Blink
  1119 | D        | Learned a level 3 spell: Confusing Touch
  1129 | D        | Reached ** piety under Dithmenos
  1190 | D        | Bought a +6 ring of dexterity for 643 gold pieces
  1219 | D        | Noticed a kobold demonologist
  1220 | D        | Noticed a kobold demonologist
  1225 | D        | Killed a kobold demonologist
  1226 | D        | Reached skill level 10 in Short Blades
  1227 | D        | Killed a kobold demonologist
  1258 | D        | Noticed a demonic crawler
  1258 | D        | Noticed a demonic crawler
  1258 | D        | Noticed a demonic crawler
  1258 | D        | Noticed a demonic crawler
  1260 | D        | Killed a demonic crawler
  1260 | D        | Reached *** piety under Dithmenos
  1261 | D        | Reached XP level 10. HP: 44/44 MP: 15/15
  1264 | D        | Reached **** piety under Dithmenos
  1515 | D        | Noticed an oklob plant
  1517 | D        | Killed an oklob plant
  1531 | D        | Reached skill level 5 in Dodging
  1547 | D        | Reached skill level 5 in Hexes
  1600 | D        | Reached ***** piety under Dithmenos
  1719 | D        | Found Getziunt's Antique Weapon Shoppe.
  1720 | D        | Found Nolamnosi's Distillery.
  1720 | D        | Found Tup Heol's Antique Weapon Shop.
  1720 | D        | Found Hessot's Book Emporium.
  1721 | D        | Found Huodih's Antique Armour Boutique.
  1722 | D        | Found Hoceumpo's Book Emporium.
  1727 | D        | Reached skill level 15 in Short Blades
  1732 | D        | Reached ****** piety under Dithmenos
  1771 | D        | Found Timumuso's Antique Weapon Emporium.
  1771 | D        | Found Rulam's Magic Scroll Shop.
  1771 | D        | Found Doch's Book Shoppe.
  1771 | D        | Found Koreuhi's Distillery.
  1771 | D        | Found Orulesh's Magic Scroll Emporium.
  1771 | D        | Found Isavel's Antique Armour Shop.
  1771 | D        | Found Tiwicey's Assorted Antiques.
  1774 | D        | Found Usemos's Assorted Antiques.
  1776 | D        | Bought a scroll of identify for 28 gold pieces
  1776 | D        | Bought a scroll of identify for 28 gold pieces
  1776 | D        | Bought a scroll of identify for 28 gold pieces
  1782 | D        | Bought a square diamond amulet for 95 gold pieces
  1782 | D        | Bought a scroll of blinking for 142 gold pieces
  1807 | D        | Bought a scroll of identify for 38 gold pieces
  1807 | D        | Bought a scroll of identify for 38 gold pieces
  1807 | D        | Bought a scroll labelled AMNAOG ENEEFO for 19 gold pieces
  1807 | D        | Bought a scroll of identify for 38 gold pieces
  1808 | D        | Bought an amethyst potion for 21 gold pieces
  1808 | D        | Bought 2 black potions for 43 gold pieces
  1808 | D        | Bought a glowing golden potion for 21 gold pieces
  1808 | D        | Bought a white potion for 21 gold pieces
  1810 | D        | Bought a scroll of enchant weapon for 90 gold pieces
  1810 | D        | Bought a scroll of enchant weapon for 90 gold pieces
  1825 | D        | Bought a scroll of fear for 49 gold pieces
  1825 | D        | Bought a scroll of magic mapping for 49 gold pieces
  1827 | D        | Bought an embroidered robe for 70 gold pieces
  1882 | D        | Noticed a shining eye
  1882 | D        | Noticed a shining eye
  1882 | D        | Noticed a shining eye
  1883 | D        | Noticed a shining eye
  1883 | D        | Noticed a shining eye
  1883 | D        | Noticed a shining eye
  1883 | D        | Noticed a shining eye
  1884 | D        | Killed a shining eye
  1885 | D        | Gained mutation: Armour fits poorly on your strangely
                  | shaped body. [a shining eye]
  1887 | D        | Noticed a shining eye
  1888 | D        | Killed a shining eye
  1889 | D        | Reached XP level 11. HP: 43/47 MP: 9/16
  1892 | D        | Killed a shining eye
  1892 | D        | Paralysed by a floating eye for 4 turns
  1899 | D        | Gained mutation: You have a pair of small horns on your
                  | head. [a shining eye]
  1901 | D        | Banished a shining eye
  1909 | D        | Killed a shining eye
  1910 | D        | Gained mutation: You are weak. (Str -2) [a shining eye]
  1915 | D        | Killed a shining eye
  1924 | D        | Killed a shining eye
  1930 | D        | Killed a shining eye
  1933 | D        | Found Seokoxzojo's General Store.
  1933 | D        | Found Jautuw's General Store.
  1933 | D        | Found Losmula's Assorted Antiques.
  1933 | D        | Found Cesept's Weapon Boutique.
  2013 | D        | Bought a scroll of blinking for 105 gold pieces
  2237 | D        | Noticed a lindwurm
  2241 | D        | Killed a lindwurm
  2437 | D        | Noticed a 12-headed hydra
  2439 | D        | Killed a 12-headed hydra
  2706 | D        | Noticed a lorocyproca
  2708 | D        | Killed a lorocyproca
  2867 | D        | Engulfed by a cloud of freezing vapour

Illustrated notes

Levels and vault maps discovered:
D:        dungeon_sprint_1 [red_sonja_temple_1, red_sonja_temple_small_1]

Skill      XL: |  1  2  3  4  5  6  7  8  9 10 11 |
---------------+----------------------------------+-----
Stealth        | 10 14 17 18 21 24 27 | 27.0
Short Blades   | 3 12 16 20 | 20.3
Dodging        | 5 11 | 11.7
Hexes          | 6 |  6.9
Spellcasting   | |  2.6

Action                   |  1- 3 |  4- 6 |  7- 9 | 10-12 || total
-------------------------+-------+-------+-------+-------++-------
Melee: Dagger            |     5 |     7 |     9 |    82 ||   103
       Headbutt          |       |       |       |     7 ||     7
 Cast: Ensorcelled Hiber |     1 |    13 |     2 |    16 ||    32
       Dazzling Flash    |       |       |       |     4 ||     4
       Confusing Touch   |       |       |       |     1 ||     1
Invok: Shadow Step       |       |       |       |     3 ||     3
  Use: Potion            |     1 |       |       |     1 ||     2
       Scroll            |       |       |       |    12 ||    12
 Stab: Sleeping          |     2 |     4 |     9 |    42 ||    57
       Invisible         |       |       |       |     5 ||     5
       Confused          |       |       |       |     1 ||     1
Armor: Robe              |       |     1 |       |     1 ||     2
Dodge: Dodged            |     2 |    10 |       |    41 ||    53
